AoeStats
← 沒起房子我日

Nomad

508641692Analyzed
4v4 RM · 9d ago on Sep 23, 2026· 35m 38s· 8 players
Game mode
Random Map
Map size
231×231
Population
200
Speed
Normal
Resources
Standard
Victory
Conquest
Starting age
Dark Age
Ending age
Imperial Age
RankedLock teamsTeams togetherTeam positionsShared explorationLock speedFull tech treeHidden civsTurbo modeCheats
Victory
Defeat
🇹🇼 Varangians · Taiwan
1493
+15
🇹🇼 Wu · Taiwan
1488
+15
🇨🇳 Persians · China
1481
+15
🇹🇼 Saxons · Taiwan
1473
+16
🇹🇼 Saxons · Taiwan
1514
-16
🇨🇳 Koreans · China
1500
-17
🇨🇳 Persians · China
1432
-14
🇨🇳 Varangians · China
1426
-14
Evlstn
3:23 Loom
12:49 Feudal Age
17:48 Double-Bit Axe
20:56 Castle Age
20:25 Fishing Lines
22:48 Fletching
24:10 Bodkin Arrow
25:26 Bow Saw
27:44 Wheelbarrow
28:32 Ballistics
28:50 Gold Mining
29:23 Gillnets
33:38 Imperial Age
31:26 Padded Archer Armor
31:29 Scale Mail Armor
31:40 Forging
34:57 Conscription
35:10 Chain Mail Armor
35:36 Elite Hearth Troop
沒起房子我日
13:40 Feudal Age
15:04 Loom
15:09 Double-Bit Axe
17:47 Castle Age
16:55 Bloodlines
16:34 Fishing Lines
17:32 Scale Barding Armor
18:35 Forging
19:21 Bow Saw
21:32 Chain Barding Armor
25:07 Horse Collar
26:51 Heavy Plow
27:05 Gold Mining
28:22 Husbandry
29:30 Iron Casting
32:44 Stone Mining
34:42 Ballistics
35:11 Wheelbarrow
38:13 Imperial Age
36:19 Hand Cart
比奇堡_Gary
9:08 Loom
11:09 Feudal Age
11:51 Double-Bit Axe
13:20 Town Watch
21:10 Castle Age
19:55 Fishing Lines
22:01 Bow Saw
23:02 Horse Collar
24:42 Wheelbarrow
24:40 Heavy Plow
28:20 Gold Mining
28:21 Stone Mining
29:30 Hand Cart
30:15 Gold Shaft Mining
31:28 Scale Barding Armor
33:23 Chain Barding Armor
33:16 Bloodlines
33:19 Fletching
34:19 Forging
36:09 Iron Casting
ALmotema
4:44 Loom
12:57 Feudal Age
13:27 Double-Bit Axe
14:09 Gold Mining
18:17 Castle Age
16:50 Scale Mail Armor
17:02 Man-at-Arms
17:57 Stone Mining
17:53 Horse Collar
20:41 Fishing Lines
20:53 Pikeman
22:15 Fletching
23:11 Bodkin Arrow
25:02 Padded Archer Armor
27:49 Ballistics
28:02 Heavy Plow
30:25 Wheelbarrow
30:49 Bow Saw
32:19 Red Cliffs Tactics
34:44 Leather Archer Armor
38:10 Imperial Age
Jhih
3:53 Loom
13:24 Feudal Age
17:54 Castle Age
15:43 Double-Bit Axe
15:58 Fletching
19:14 Bow Saw
20:35 Padded Archer Armor
20:59 Bodkin Arrow
27:13 Husbandry
28:07 Horse Collar
32:35 Ballistics
32:54 Bloodlines
34:41 Thumb Ring
苟住
5:54 Loom
13:07 Feudal Age
14:47 Gold Mining
15:34 Double-Bit Axe
20:45 Castle Age
20:37 Fletching
26:30 Town Watch
28:21 Horse Collar
32:13 Heavy Plow
34:54 Imperial Age
32:54 Bodkin Arrow
33:54 Wheelbarrow
34:44 Gold Shaft Mining
34:55 Bow Saw
小心,有诈。
5:38 Loom
13:36 Feudal Age
17:58 Castle Age
18:41 Horse Collar
19:32 Scale Barding Armor
21:38 Husbandry
21:56 Double-Bit Axe
29:25 Wheelbarrow
风过无声
5:51 Loom
10:42 Loom
13:38 Feudal Age
18:09 Castle Age
16:41 Double-Bit Axe
17:15 Horse Collar
18:46 Fletching
20:56 Town Watch
24:22 Ballistics
24:18 Bodkin Arrow
27:12 Padded Archer Armor
31:04 Wheelbarrow
Connection lost

Rejoining the realm…

Still unreachable

The connection could not be restored.

Session expired

The server has moved on; the page needs a fresh start.